3AA
RICHLAND RAILS @ MINNESOTA LOONS
09/17/2041
 
TOP OF THE 1ST
Richland Rails batting - Pitching for Minnesota Loons : RHP Mario Silva
Pitching: RHP Mario Silva
Batting: LHB Josh Wiggins 0-0: Ball
1-0: Ground out U3 (Groundball, 34, EV 110.6 MPH)
Batting: RHB Kazuki Takahashi 0-0: Foul Ball, location: 2F
0-1: Ball
1-1: Ground out 6-3 (Groundball, 6, EV 86.9 MPH)
Batting: LHB Doyle Berkey 0-0: Fly out, F7 (Flyball, 7, EV 75.0 MPH)
Top of the 1st over - 0 runs, 0 hits, 0 errors, 0 left on base; Richland 0 - Minnesota 0
BOTTOM OF THE 1ST
Minnesota Loons batting - Pitching for Richland Rails : LHP Cameron Thoresen
Pitching: LHP Cameron Thoresen
Batting: LHB Júlio Souza 0-0: Ball
1-0: DOUBLE (Flyball, 8LXD, EV 98.8 MPH)
Batting: LHB Javier Caceres 0-0: Called Strike
0-1: Fly out, F7 (Flyball, 78S, EV 91.9 MPH)
Batting: RHB Roy Bagnall 0-0: Ball
1-0: Ball
2-0: Ball
3-0: Base on Balls
Batting: SHB Pavlushenka Galanov 0-0: Ball
1-0: Foul Ball, location: 2F
1-1: Swinging Strike
1-2: Ball
2-2: Foul Ball, location: 2F
2-2: Strikes out swinging
Batting: RHB Ronald Hancock 0-0: Ball
1-0: Ball
2-0: Ball
3-0: Base on Balls
Júlio Souza to third
Roy Bagnall to second
Batting: RHB José Garrastazu 0-0: Ground out 6-3 (Groundball, 4MS, EV 83.8 MPH)
Bottom of the 1st over - 0 runs, 1 hit, 0 errors, 3 left on base; Richland 0 - Minnesota 0
TOP OF THE 2ND
Richland Rails batting - Pitching for Minnesota Loons : RHP Mario Silva
Batting: RHB Jon Walker 0-0: Ball
1-0: Foul Ball, location: 2F
1-1: SINGLE (Groundball, 5D, EV 94.4 MPH)
Batting: SHB Alvin Peterson 0-0: Ball
1-0: Swinging Strike
1-1: Ball
2-1: Ball
3-1: Foul Ball, location: 2F
3-2: Strikes out swinging
Batting: RHB Ben Russell 0-0: Ball
1-0: SINGLE (Flyball, 89S, EV 87.5 MPH)
Jon Walker to second
Batting: RHB Cheng-ho Bu 0-0: Ball
1-0: Ball
2-0: Ball
3-0: Base on Balls
Jon Walker to third
Ben Russell to second
Batting: RHB Javier Botín 0-0: SINGLE (Line Drive, 8LS, EV 94.4 MPH)
Jon Walker scores
Ben Russell to third
Cheng-ho Bu to second
Batting: RHB Mark Quaintance 0-0: Ball
1-0: Foul Ball, location: 2F
1-1: SINGLE (Groundball, 34D, EV 96.2 MPH)
Ben Russell scores
Cheng-ho Bu to third
Javier Botín to second
Batting: LHB Josh Wiggins 0-0: Ball
1-0: Ball
2-0: Foul Ball, location: 2F
2-1: Foul Ball, location: 2F
2-2: SINGLE (Groundball, 13S, EV 75.0 MPH) (infield hit)
Cheng-ho Bu scores
Javier Botín to third
Mark Quaintance to second
Batting: RHB Kazuki Takahashi 0-0: SINGLE (Line Drive, 5D, EV 98.1 MPH)
Javier Botín scores
Mark Quaintance to third
Josh Wiggins to second
Batting: LHB Doyle Berkey 0-0: Called Strike
0-1: Ball
1-1: Ball
2-1: Ball
3-1: Foul Ball, location: 2F
3-2: Foul Ball, location: 2F
3-2: SINGLE (Groundball, 56D, EV 93.8 MPH)
Mark Quaintance scores
Josh Wiggins to third
Kazuki Takahashi to second
Runner from 3rd tries for Home, SAFE, throw by LF to home
Pitching: RHP Yoshinori Nakada
Batting: RHB Jon Walker 0-0: Ball
1-0: Called Strike
1-1: Foul Ball, location: 2F
1-2: Ball
2-2: SINGLE (Groundball, 4S, EV 86.2 MPH) (infield hit)
Kazuki Takahashi to third
Doyle Berkey to second
Batting: SHB Alvin Peterson 0-0: Fielders Choice at 2nd, 3-6 (Groundball, 3, EV 86.2 MPH)
Kazuki Takahashi scores
Doyle Berkey to third
Batting: RHB Ben Russell 0-0: Fly out, F8 (Flyball, 78XD, EV 112.5 MPH)
Top of the 2nd over - 7 runs, 8 hits, 0 errors, 2 left on base; Richland 7 - Minnesota 0
BOTTOM OF THE 2ND
Minnesota Loons batting - Pitching for Richland Rails : LHP Cameron Thoresen
Pitching: LHP Camillo Vialli
Batting: RHB Elroy Hartman 0-0: Ball
1-0: Swinging Strike
1-1: Fly out, F8 (Flyball, 8RM, EV 88.8 MPH)
Batting: RHB Effie Atsaves 0-0: Ball
1-0: Ball
2-0: Called Strike
2-1: Ball
3-1: Foul Ball, location: 2F
3-2: Foul Ball, location: 2F
3-2: Ground out 4-3 (Groundball, 4, EV 82.5 MPH)
Batting: LHB Nate Hodges 0-0: Ball
1-0: Called Strike
1-1: Called Strike
1-2: Ball
2-2: SINGLE (Line Drive, 6M, EV 101.9 MPH)
Batting: LHB Júlio Souza 0-0: Called Strike
0-1: Fly out, F8 (Flyball, 8LM, EV 88.1 MPH)
Bottom of the 2nd over - 0 runs, 1 hit, 0 errors, 1 left on base; Richland 7 - Minnesota 0
TOP OF THE 3RD
Richland Rails batting - Pitching for Minnesota Loons : RHP Yoshinori Nakada
Batting: RHB Cheng-ho Bu 0-0: Ball
1-0: Ball
2-0: Ground out 5-3 (Groundball, 56S, EV 75.6 MPH)
Batting: RHB Javier Botín 0-0: Called Strike
0-1: Ball
1-1: Fly out, F8 (Flyball, 8LD, EV 105.0 MPH)
Batting: RHB Mark Quaintance 0-0: Ball
1-0: Foul Ball, location: 2F
1-1: Called Strike
1-2: Strikes out swinging
Top of the 3rd over - 0 runs, 0 hits, 0 errors, 0 left on base; Richland 7 - Minnesota 0
BOTTOM OF THE 3RD
Minnesota Loons batting - Pitching for Richland Rails : LHP Camillo Vialli
Batting: LHB Javier Caceres 0-0: Swinging Strike
0-1: Swinging Strike
0-2: Strikes out looking
Batting: RHB Roy Bagnall 0-0: Called Strike
0-1: Ball
1-1: Ball
2-1: Foul Ball, location: 2F
2-2: Foul Ball, location: 2F
2-2: Ground out 5-3 (Groundball, 56S, EV 76.2 MPH)
Batting: SHB Pavlushenka Galanov 0-0: Ball
1-0: Swinging Strike
1-1: DOUBLE (Line Drive, 89XD, EV 111.2 MPH)
Batting: RHB Ronald Hancock 0-0: Called Strike
0-1: Ball
1-1: Called Strike
1-2: Ball
2-2: SINGLE (Flyball, 89M, EV 91.9 MPH)
Pavlushenka Galanov to third
Runner from 3rd tries for Home, SAFE, no throw by RF
Batting: RHB José Garrastazu 0-0: Called Strike
0-1: Swinging Strike
0-2: SINGLE (Groundball, 34D, EV 99.4 MPH)
Ronald Hancock to second
Runner from 2nd tries for 3rd, SAFE, no throw by RF
Batting: RHB Elroy Hartman 0-0: Ball
1-0: Fly out, F8 (Line Drive, 8RD, EV 93.1 MPH)
Bottom of the 3rd over - 1 run, 3 hits, 0 errors, 2 left on base; Richland 7 - Minnesota 1
TOP OF THE 4TH
Richland Rails batting - Pitching for Minnesota Loons : RHP Yoshinori Nakada
Batting: LHB Josh Wiggins 0-0: Ball
1-0: Foul Ball, location: 2F
1-1: Fly out, F8 (Flyball, 78M, EV 77.5 MPH)
Batting: RHB Kazuki Takahashi 0-0: Ball
1-0: Swinging Strike
1-1: Hit by Pitch
Batting: LHB Doyle Berkey 0-0: Called Strike
0-1: Ball
1-1: Ball
2-1: Foul Ball, location: 2F
2-2: Fly out, F7 (Line Drive, 7D, EV 87.5 MPH)
Batting: RHB Jon Walker 0-0: Swinging Strike
0-1: Fly out, F8 (Flyball, 78D, EV 88.8 MPH)
Top of the 4th over - 0 runs, 0 hits, 0 errors, 1 left on base; Richland 7 - Minnesota 1
BOTTOM OF THE 4TH
Minnesota Loons batting - Pitching for Richland Rails : LHP Camillo Vialli
Batting: RHB Effie Atsaves 0-0: Foul Ball, location: 2F
0-1: Ground out U3 (Groundball, 3, EV 102.5 MPH)
Batting: LHB Nate Hodges 0-0: SINGLE (Groundball, 4MD, EV 100.0 MPH)
Batting: LHB Júlio Souza 0-0: Called Strike
0-1: Swinging Strike
0-2: Ball
1-2: Ball
2-2: Foul Ball, location: 2F
2-2: Ball
3-2: Fly out, F7 (Flyball, 7S, EV 88.1 MPH)
Batting: LHB Javier Caceres 0-0: Foul Ball, location: 2F
0-1: Hit by Pitch
Nate Hodges to second
Batting: RHB Roy Bagnall 0-0: Ball
1-0: Ball
2-0: Ball
3-0: Base on Balls
Nate Hodges to third
Javier Caceres to second
Batting: SHB Pavlushenka Galanov 0-0: Fielders Choice at 2nd, 6-4 (Groundball, 56D, EV 103.1 MPH)
Bottom of the 4th over - 0 runs, 1 hit, 0 errors, 3 left on base; Richland 7 - Minnesota 1
TOP OF THE 5TH
Richland Rails batting - Pitching for Minnesota Loons : RHP Yoshinori Nakada
Batting: SHB Alvin Peterson 0-0: Called Strike
0-1: Ball
1-1: Ball
2-1: Foul Ball, location: 2F
2-2: Ground out 6-3 (Groundball, 56, EV 91.9 MPH)
Batting: RHB Ben Russell 0-0: Foul Ball, location: 2F
0-1: Foul Ball, location: 2F
0-2: Ball
1-2: Foul Ball, location: 2F
1-2: Foul Ball, location: 2F
1-2: Foul Ball, location: 2F
1-2: Reached on error, E5 (Groundball, 56, EV 89.4 MPH)
Batting: RHB Cheng-ho Bu 0-0: Called Strike
0-1: Swinging Strike
0-2: Ball
1-2: SINGLE (Line Drive, 56D, EV 106.2 MPH)
Ben Russell to second
Batting: RHB Javier Botín 0-0: Fly out, F8 (Line Drive, 8RM, EV 99.4 MPH)
Batting: RHB Mark Quaintance 0-0: Called Strike
0-1: Ball
1-1: Called Strike
1-2: Ball
2-2: Hit by Pitch
Ben Russell to third
Cheng-ho Bu to second
Batting: LHB Josh Wiggins 0-0: Ball
1-0: Fly out, F7 (Flyball, 78XD, EV 88.8 MPH)
Top of the 5th over - 0 runs, 1 hit, 1 error, 3 left on base; Richland 7 - Minnesota 1
BOTTOM OF THE 5TH
Minnesota Loons batting - Pitching for Richland Rails : LHP Camillo Vialli
Batting: RHB Ronald Hancock 0-0: Ground out 6-3 (Groundball, 6, EV 81.9 MPH)
Batting: RHB José Garrastazu 0-0: Ball
1-0: Fly out, F9 (Flyball, 9D, EV 93.1 MPH)
Batting: RHB Elroy Hartman 0-0: Fly out, F5 (Popup, 5SF, EV 83.8 MPH)
Bottom of the 5th over - 0 runs, 0 hits, 0 errors, 0 left on base; Richland 7 - Minnesota 1
TOP OF THE 6TH
Richland Rails batting - Pitching for Minnesota Loons : RHP Yoshinori Nakada
Batting: RHB Kazuki Takahashi 0-0: Foul Ball, location: 2F
0-1: Swinging Strike
0-2: Foul Ball, location: 2F
0-2: Ball
1-2: Strikes out swinging
Batting: LHB Doyle Berkey 0-0: Fly out, F6 (Flyball, 56D, EV 97.5 MPH)
Batting: RHB Jon Walker 0-0: Foul Ball, location: 2F
0-1: Foul Ball, location: 2F
0-2: Ball
1-2: Ground out 6-3 (Groundball, 6, EV 80.6 MPH)
Top of the 6th over - 0 runs, 0 hits, 0 errors, 0 left on base; Richland 7 - Minnesota 1
BOTTOM OF THE 6TH
Minnesota Loons batting - Pitching for Richland Rails : LHP Camillo Vialli
Batting: RHB Effie Atsaves 0-0: Ball
1-0: Ball
2-0: SINGLE (Line Drive, 6MD, EV 105.0 MPH)
Batting: LHB Nate Hodges 0-0: Foul Ball, location: 2F
0-1: Called Strike
0-2: Foul Ball, location: 2F
0-2: Ball
1-2: Ball
2-2: Foul Ball, location: 2F
2-2: Fly out, F9 (Flyball, 89M, EV 77.5 MPH)
Batting: LHB Júlio Souza 0-0: Foul Ball, location: 2F
0-1: Ball
1-1: Foul Ball, location: 2F
1-2: Fielders Choice at 2nd, 1-6 (Groundball, 13, EV 72.5 MPH)
Batting: LHB Javier Caceres 0-0: Ball
1-0: SINGLE (Line Drive, 89S, EV 107.5 MPH)
Júlio Souza to second
Batting: RHB Roy Bagnall 0-0: Called Strike
0-1: Ball
1-1: Swinging Strike
1-2: Foul Ball, location: 2F
1-2: Foul Ball, location: 2F
1-2: Ball
2-2: Fly out, F7 (Flyball, 7S, EV 86.9 MPH)
Bottom of the 6th over - 0 runs, 2 hits, 0 errors, 2 left on base; Richland 7 - Minnesota 1
TOP OF THE 7TH
Richland Rails batting - Pitching for Minnesota Loons : RHP Yoshinori Nakada
Batting: SHB Alvin Peterson 0-0: Ball
1-0: SINGLE (Line Drive, 9S, EV 107.5 MPH)
Pitching: RHP Karol van Kippersluis
Batting: RHB Ben Russell 0-0: DOUBLE (Flyball, 8RXD, EV 97.5 MPH)
Alvin Peterson to third
Batting: RHB Cheng-ho Bu 0-0: Ball
1-0: Ball
2-0: Called Strike
2-1: Ball
3-1: Foul Ball, location: 2F
3-2: Foul Ball, location: 2F
3-2: Base on Balls
Batting: RHB Javier Botín 0-0: Ball
1-0: Ball
2-0: Foul Ball, location: 2F
2-1: Foul Ball, location: 2F
2-2: Ball
3-2: Foul Ball, location: 2F
3-2: Strikes out swinging
Batting: RHB Mark Quaintance 0-0: Ball
1-0: Ball
2-0: Foul Ball, location: 2F
2-1: Ball
3-1: Swinging Strike
3-2: SINGLE (Groundball, 6D, EV 104.4 MPH)
Alvin Peterson scores
Ben Russell to third
Cheng-ho Bu to second
Batting: LHB Josh Wiggins 0-0: Foul Ball, location: 2F
0-1: Ball
1-1: Ball
2-1: Called Strike
2-2: Foul Ball, location: 2F
2-2: Foul Ball, location: 2F
2-2: Fielders Choice at 2nd, 4-6 (Groundball, 4, EV 101.9 MPH)
Ben Russell scores
Cheng-ho Bu to third
Pinch Hitting: RHB Gene Payne Pickoff Throw to First - Out! 1-3
Top of the 7th over - 2 runs, 3 hits, 0 errors, 1 left on base; Richland 9 - Minnesota 1
BOTTOM OF THE 7TH
Minnesota Loons batting - Pitching for Richland Rails : LHP Camillo Vialli
Now in LF: Gene Payne
Batting: SHB Pavlushenka Galanov 0-0: Ball
1-0: Fly out, F8 (Flyball, 8RS, EV 78.8 MPH)
Batting: RHB Ronald Hancock 0-0: Ball
1-0: Ball
2-0: Foul Ball, location: 2F
2-1: Fly out, F8 (Flyball, 8LS, EV 88.1 MPH)
Pinch Hitting: RHB Paul Sanders 0-0: Ball
1-0: Swinging Strike
1-1: Ball
2-1: Swinging Strike
2-2: Fly out, F8 (Line Drive, 8LM, EV 87.5 MPH)
Bottom of the 7th over - 0 runs, 0 hits, 0 errors, 0 left on base; Richland 9 - Minnesota 1
TOP OF THE 8TH
Richland Rails batting - Pitching for Minnesota Loons : RHP Karol van Kippersluis
Now at SS: Paul Sanders
Pinch Hitting: RHB Wei-hong Won 0-0: Ball
1-0: Ground out 6-3 (Groundball, 6, EV 107.5 MPH)
Pinch Hitting: LHB Bobby McGrady 0-0: Called Strike
0-1: Called Strike
0-2: Foul Ball, location: 2F
0-2: Foul Ball, location: 2F
0-2: Strikes out looking
Batting: RHB Jon Walker 0-0: DOUBLE (Flyball, 89D, EV 99.4 MPH)
Pinch Hitting: RHB Steve Whittier 0-0: Ball
1-0: Ball
2-0: SINGLE (Line Drive, 89M, EV 105.6 MPH)
Jon Walker to third
Runner from 3rd tries for Home, SAFE, throw by CF to home
Batting: RHB Ben Russell 0-0: Foul Ball, location: 2F
0-1: Fly out, F9 (Flyball, 9S, EV 95.6 MPH)
Top of the 8th over - 1 run, 2 hits, 0 errors, 1 left on base; Richland 10 - Minnesota 1
BOTTOM OF THE 8TH
Minnesota Loons batting - Pitching for Richland Rails : LHP Camillo Vialli
Now at 2B: Tony Juderías
Now in LF: Bobby McGrady
Now in RF: Wei-hong Won
Pinch Hitting: RHB Juan Capmany 0-0: Ball
1-0: Foul Ball, location: 2F
1-1: Ball
2-1: Ball
3-1: Called Strike
3-2: Strikes out swinging
Pitching: RHP David Weber
Batting: RHB Effie Atsaves 0-0: Ball
1-0: Called Strike
1-1: Foul Ball, location: 2F
1-2: Ball
2-2: Ball
3-2: Fly out, F5 (Popup, 5SF, EV 81.2 MPH)
Batting: LHB Nate Hodges 0-0: Ball
1-0: Foul Ball, location: 2F
1-1: Foul Ball, location: 2F
1-2: Ball
2-2: Ball
3-2: DOUBLE (Line Drive, 9LM, EV 102.5 MPH)
Batting: LHB Júlio Souza 0-0: Ball
1-0: Called Strike
1-1: Called Strike
1-2: SINGLE (Flyball, 78S, EV 94.4 MPH)
Nate Hodges to third
Runner from 3rd tries for Home, SAFE, throw by LF to home
Batting: LHB Javier Caceres 0-0: Foul Ball, location: 2F
0-1: Ball
1-1: Ball
2-1: Ball
3-1: Base on Balls
Júlio Souza to second
Pinch Hitting: RHB Skip Giblet 0-0: Swinging Strike
0-1: Ball
1-1: Ball
2-1: Ball
3-1: Foul Ball, location: 2F
3-2: Foul Ball, location: 2F
3-2: Ground out 4-3 (Groundball, 4, EV 86.9 MPH)
Bottom of the 8th over - 1 run, 2 hits, 0 errors, 2 left on base; Richland 10 - Minnesota 2
TOP OF THE 9TH
Richland Rails batting - Pitching for Minnesota Loons : RHP Karol van Kippersluis
Now at 2B: Juan Capmany
Now at 3B: Skip Giblet
Batting: RHB Cheng-ho Bu 0-0: Called Strike
0-1: Ball
1-1: Ball
2-1: Ball
3-1: Foul Ball, location: 2F
3-2: Base on Balls
Batting: RHB Javier Botín 0-0: Ball
1-0: Called Strike
1-1: Ball
2-1: Ball
3-1: Base on Balls
Cheng-ho Bu to second
Pinch Hitting: RHB Bill Wolf 0-0: Ball
1-0: Foul Ball, location: 2F
1-1: Grounds into double play, 5-4-3 (Groundball, 56, EV 83.8 MPH)
Cheng-ho Bu to third
Batting: LHB Josh Wiggins 0-0: Ball
1-0: Called Strike
1-1: Ball
2-1: TRIPLE (Line Drive, 7D, EV 110.0 MPH)
Cheng-ho Bu scores
Batting: RHB Wei-hong Won 0-0: Ground out U3 (Groundball, 3L, EV 80.6 MPH)
Top of the 9th over - 1 run, 1 hit, 0 errors, 1 left on base; Richland 11 - Minnesota 2
BOTTOM OF THE 9TH
Minnesota Loons batting - Pitching for Richland Rails : RHP David Weber
Now at C: Bill Wolf
Batting: SHB Pavlushenka Galanov 0-0: Ball
1-0: Called Strike
1-1: Swinging Strike
1-2: Foul Ball, location: 2F
1-2: Fly out, F3 (Line Drive, 3, EV 68.8 MPH)
Batting: RHB Ronald Hancock 0-0: Swinging Strike
0-1: Ball
1-1: Foul Ball, location: 2F
1-2: Foul Ball, location: 2F
1-2: TRIPLE (Flyball, 89XD, EV 93.1 MPH)
Batting: RHB Paul Sanders 0-0: Foul Ball, location: 2F
0-1: Swinging Strike
0-2: Ball
Wild Pitch!
Ronald Hancock scores
1-2: Fly out, F8 (Line Drive, 8RD, EV 96.2 MPH)
Batting: RHB Juan Capmany 0-0: Ball
1-0: Ground out 5-3 (Groundball, 5S, EV 91.2 MPH)
Bottom of the 9th over - 1 run, 1 hit, 0 errors, 0 left on base; Richland 11 - Minnesota 3
Tuesday, January 5th, 2021 - OOTP Baseball 20.8 Build 74